 Dungeon Crawl Stone Soup version 0.32-a0-732-ga344392067 (webtiles) character file.

Game seed: 7101357937191878003

48 runemasterragnar the Ruffian (level 3, 0/34 HPs)
             Began as an Octopode Shapeshifter on Mar 16, 2024.
             Killed from afar by Ijyb (7 damage)
             ... with a puff of flame
             ... on level 3 of the Dungeon.
             The game lasted 00:01:43 (1300 turns).

runemasterragnar the Ruffian (OpSh)                 Turns: 1300, Time: 00:01:43

Health: 0/34       AC: 21    Str: 11    XL:     3   Next: 72%
Magic:  3/3        EV:  2    Int: 12    God:
Gold:   182        SH:  4    Dex: 16    Spells: 2/2 levels left

rFire   . . .        t - +9 whip of the Mushroom {heavy, rPois Str-4 Dex+5}
rCold   . . .        n - +0 buckler
rNeg    . . .        (helmet currently unavailable)
rPois   +            (no amulet)
rElec   .            (no ring)
rCorr   .            (no ring)
SInv    .            (no ring)
Will    .....        (no ring)
Stlth   ++           (no ring)
HPRegen 0.25/turn    (no ring)
MPRegen 0.08/turn    (no ring)
                     (no ring)

%: no passive effects
@: tree-form
A: stationary, stasis, torment immunity, boosted hp, almost no armour,
(amphibious), 8 rings, (camouflage 1), (gelatinous body 1), (nimble swimmer 1),
(tentacles)
a: no special abilities


You were on level 3 of the Dungeon.
You were a tree.
You visited 1 branch of the dungeon, and saw 3 of its levels.

You collected 182 gold pieces.

Inventory:

Hand Weapons
 j - a +0 dagger of protection
 t - the +9 whip of the Mushroom (weapon) {heavy, rPois Str-4 Dex+5}
   (You found it on level 2 of the Dungeon)

   Str-4:     It affects your strength (-4).
   Dex+5:     It affects your dexterity (+5).
   rPois:     It protects you from poison.
Missiles
 m - 5 poisoned darts (quivered)
Armour
 n - a +0 buckler (worn)
Jewellery
 h - a ring of fire
Talismans
 b - a beast talisman (active)
 c - a flux talisman
Scrolls
 f - a scroll of enchant armour {unknown}
 i - a scroll of identify {unknown}
 o - a scroll of enchant weapon {unknown}
 p - a scroll of teleportation {unknown}
 q - a scroll of poison {unknown}
 r - a scroll of fog {unknown}
 s - a scroll of vulnerability {unknown}
 u - a scroll of revelation {unknown}
Potions
 d - 2 potions of brilliance {unknown}
 e - 2 potions of curing {unknown}
 g - a potion of cancellation {unknown}
 k - 2 potions of ambrosia {unknown}
 l - a potion of resistance {unknown}


   Skills:
 + Level 1.6 Fighting
 + Level 2.4 Dodging
 + Level 1.9 Stealth
 + Level 0.1 Shields
 + Level 3.3 Unarmed Combat
 + Level 3.2 Shapeshifting


You had 2 spell levels left.
You didn't know any spells.
Your spell library contained the following spells:

 Spells                   Type           Power      Damage    Failure   Level
 Summon Ice Beast         Ice/Summ       0%         N/A       82%         3
 Summon Mana Viper        Hex/Summ       0%         N/A       100%        5
 Monstrous Menagerie      Summ           0%         N/A       100%        7


Dungeon Overview and Level Annotations

Branches:
Dungeon (3/15)

Altars:
Vehumet

Annotations:
D:3 Ijyb


Innate Abilities, Weirdness & Mutations

You are a tree.
Your roots penetrate the ground, keeping you stationary.
You cannot be teleported.
You are immune to unholy pain and torment.
Your maximum health is greatly increased.
You cannot wear most types of armour.
((You are amphibious.))
You can wear up to eight rings at the same time.
((Your skin changes colour to match your surroundings (Stealth+).))
((Your rubbery body absorbs attacks. (AC +1, EV +1)))
((You are camouflaged when in or above water. (Stealth+)))
((You have tentacles for arms and can constrict up to eight enemies at once.))


Message History

No target in view!
What level of the Dungeon? (default 2, ? - help)
There is a stone staircase leading down here.
You climb downwards.
Ijyb shouts!
There is a stone staircase leading up here.
Ijyb is nearby!
Ijyb is nearby!
Ijyb is nearby!
Ijyb zaps a wand.
The puff of flame hits you!
You are too injured to fight recklessly!
You are too injured to fight recklessly!
Ijyb hits you with a +0 club.
You whack Ijyb! Your grab misses Ijyb. You squeeze Ijyb, but do no damage.
Ijyb is moderately wounded.
Ijyb hits you with a +0 club.
* * * LOW HITPOINT WARNING * * *
Your transformation has ended.
You turn into a tree.
Your roots penetrate the ground.
Ijyb zaps a wand.
The puff of flame hits you but does no damage.
You whack Ijyb!
Ijyb is almost dead.
Ijyb hits you but does no damage. x2
You completely miss Ijyb.
Ijyb is almost dead.
Ijyb zaps a wand.
The puff of flame hits you but does no damage.
Ijyb zaps a wand.
The puff of flame hits you but does no damage.
You hit Ijyb but do no damage.
Ijyb is almost dead.
Ijyb hits you with a +0 club.
* * * LOW HITPOINT WARNING * * *
You block Ijyb's attack.
Unknown command.
You hit Ijyb.
Ijyb is almost dead.
Ijyb zaps a wand.
The puff of flame hits you!
You die...
Ijyb moans, "Good help so hard to find!" .# .# .# .# .# # .# #...######g# #......<.♣.# #..#########

You could see Ijyb.

Vanquished Creatures
  A gnoll (D:2)
  2 ribbon worms (D:2)
  A dart slug (D:1)
  2 ball pythons (D:1)
  4 endoplasms (D:2)
  A giant cockroach (D:2)
  4 goblins
  5 hobgoblins
  A kobold (D:1)
  A quokka (D:1)
  2 bats (D:2)
  3 frilled lizards
  A rat (D:2)
28 creatures vanquished.

Notes
Turn   | Place    | Note
-------+----------+-------------------------------------------
     0 | D:1      | runemasterragnar the Octopode Shapeshifter began the quest
                  | for the Orb.
     0 | D:1      | Reached XP level 1. HP: 13/13 MP: 1/1
   105 | D:1      | Reached XP level 2. HP: 18/18 MP: 2/2
   110 | D:1      | Reached skill level 1 in Stealth
   570 | D:2      | Reached XP level 3. HP: 15/23 MP: 3/3
   965 | D:2      | Identified the +9 whip of the Mushroom {heavy, rPois Str-4
                  | Dex+5}
  1131 | D:2      | Found a radiant altar of Vehumet.
  1292 | D:3      | Noticed Ijyb
  1300 | D:3      | Killed from afar by Ijyb

Illustrated notes

Levels and vault maps discovered:
D:1:      zelgadis_glass_arrival_small, layout_rooms
D:2:      layout_loops_ring, basic_altar, minmay_pentomino_u4
D:3:      minmay_general_purpose_star, layout_loops_ring,
          gammafunk_ghost_necromancy, uniq_ijyb, uniq_jessica, uniq_terence

Skill      XL: |  1  2 |
---------------+-------+-----
Stealth        | 1 |  1.9
Fighting       | |  1.6
Dodging        | |  2.4
Shields        | |  0.1
Unarmed Combat | |  3.3
Shapeshifting  | |  3.2

Action                     || total
---------------------------++-------
  Melee: Unarmed           ||    18
         Constrict         ||    17
         Tentacles         ||    12
         Dagger            ||    25
         Whip              ||     6
    Use: Potion            ||     1
   Stab: Sleeping          ||     6
 Armour: Skin              ||    19
  Dodge: Dodged            ||    21
  Block: Buckler           ||     1

Table legend: (Time is in decaauts)
 A = Elapsed time spent in this place.
 B = Non-inter-level travel time spent in this place.
 C = Inter-level travel time spent in this place.
 D = Time resting spent in this place.
 E = Time spent auto-exploring this place.
 F = Levels seen in this place.
 G = Mean time per level.
                   A        B        C        D        E       F      G
               +--------+--------+--------+--------+--------+-----+--------+
         Total |   1301 |   1201 |    100 |      0 |    999 |   3 |  433.7 |
       Dungeon |   1301 |   1201 |    100 |      0 |    999 |   3 |  433.7 |
               +--------+--------+--------+--------+--------+-----+--------+

Top non-repeatable levels by time:
     D:2: 762 daAuts
     D:1: 528 daAuts
     D:3: 10 daAuts
